 Dungeon Crawl Stone Soup version 0.28.0-56-g4927b6849a (webtiles) character file.

Game seed: 11536205299659375673

77 NotaViper the Chopper (level 4, -3/38 HPs)
             Began as a Ghoul Gladiator on Feb 8, 2023.
             Was a Believer of Fedhas.
             Slain by a kobold brigand
             ... wielding a +2 short sword of pain
              (6 damage)
             ... on level 3 of the Dungeon.
             The game lasted 00:12:50 (2557 turns).

NotaViper the Chopper (Ghoul Gladiator)             Turns: 2557, Time: 00:12:50

Health: -3/38      AC:  9    Str: 19    XL:     4   Next: 34%
Magic:  3/3        EV:  8    Int:  3    God:    Fedhas [**....]
Gold:   70         SH:  0    Dex: 10    Spells: 3/3 levels left

rFire   + . .      SeeInvis .   a - +0 war axe
rCold   + + .      Faith    .   (no shield)
rNeg    + + +      Spirit   .   e - +0 chain mail
rPois   ∞          Reflect  .   c - +0 helmet
rElec   .          Harm     .   r - scarf {rC+ rF+}
rCorr   .          Rampage  .   (no gloves)
Will    .....                   (no boots)
Stlth   ..........              (no amulet)
HPRegen 0.00/turn               (no ring)
MPRegen 0.08/turn               (no ring)

@: weak-willed, inhibited regen
A: claws 1, cold resistance 1, negative energy resistance 3, inhibited
regeneration, torment resistance 2
a: Renounce Religion, Wall of Briars


You were on level 3 of the Dungeon.
You worshipped Fedhas.
Fedhas was pleased with you.
You visited 1 branch of the dungeon, and saw 3 of its levels.

You collected 70 gold pieces.

Inventory:

Hand Weapons
 a - a +0 war axe (weapon)
 g - a +0 club
 j - a +0 dagger
 n - a +0 short sword
 o - a +0 short sword
 v - a +0 flail
 w - a +0 trident
 x - a +0 rapier
Missiles
 d - 3 throwing nets (quivered)
 f - 137 stones
 l - 45 sling bullets
 s - 68 arrows
Armour
 b - a +0 leather armour
 c - a +0 helmet (worn)
 e - a +0 chain mail (worn)
 i - a +0 robe
 k - a +0 leather armour
 r - a scarf of resistance (worn)
Scrolls
 h - a scroll of amnesia
 p - 2 scrolls of identify
Potions
 m - a potion of mutation
 q - a potion of curing
 t - a potion of degeneration {unknown}


   Skills:
 + Level 3.0 Fighting
 + Level 3.6 Axes
 + Level 1.7 Throwing
 + Level 1.1 Armour
 + Level 3.0 Dodging
 + Level 0.2 Stealth


You had 3 spell levels left.
You didn't know any spells.
Your spell library contained the following spells:

 Spells                   Type           Power      Damage    Failure   Level
 Summon Lightning Spire   Summ/Air       0%         N/A       100%        4
 Maxwell's Capacitive Co  Air            0%         ∞         100%        8
 Storm Form               Tmut/Air       Unusable   N/A       N/A         7

Dungeon Overview and Level Annotations

Branches:
Dungeon (3/15)

Altars:
Fedhas

Shops:
D:3 [


Innate Abilities, Weirdness & Mutations

You thrive by killing the living.
You are immune to poison.
You have sharp fingernails.
Your flesh is cold resistant. (rC+)
You are immune to negative energy. (rN+++)
You do not regenerate when monsters are visible.
You are immune to unholy pain and torment.


Message History

Macfelon's ghost hits you but does no damage.
The kobold brigand hits you with a +2 short sword of pain.
You closely miss macfelon's ghost.
Macfelon's ghost is almost destroyed.
You barely miss the kobold brigand. You barely miss the kobold.
The kobold barely misses you.
Macfelon's ghost hits you but does no damage.
The kobold brigand hits you with a +2 short sword of pain.
The kobold closely misses you.
You barely miss macfelon's ghost.
Macfelon's ghost is almost destroyed.
You hit the kobold but do no damage. You barely miss the kobold brigand.
You slash the kobold!
You kill the kobold!
Fedhas appreciates your contribution to the ecosystem.
Macfelon's ghost casts a spell at you. The magic dart hits you!
* * * LOW HITPOINT WARNING * * *
The kobold brigand hits you with a +2 short sword of pain.
* * * LOW HITPOINT WARNING * * *
The kobold hits you but does no damage.
You barely miss macfelon's ghost.
Macfelon's ghost is almost destroyed.
You slash the kobold!
You kill the kobold!
Fedhas appreciates your contribution to the ecosystem.
You feel better.
You barely miss the kobold brigand.
Macfelon's ghost hits you but does no damage.
The kobold brigand hits you but does no damage.
Macfelon's ghost hits you but does no damage.
You slash macfelon's ghost!
You destroy macfelon's ghost!
Fedhas accepts your kill.
You hit the kobold. You barely miss the kobold brigand.
The kobold brigand hits you with a +2 short sword of pain.
* * * LOW HITPOINT WARNING * * *
The kobold hits you but does no damage.
The kobold brigand hits you with a +2 short sword of pain.
You die...
Fedhas appreciates your contribution to the ecosystem.

.........<...##.# #.##........##
...##.###.##..#.# #.##........#
.#.#....#.###.#.####.##........#
.#.#..#.#.###.....#####........#
##.#..#.#........##≈⌠≈##.......#
##'####.#####....#...K.##......##
........# #.#..'.###..#........
....##### #.#))K.....!#........
....#########.#)@K.###.$#........
....##.....##.#.K#....)##........
....##.....##.#..##≈⌠≈#######....
....##.....##.#...##### #####....
....##.....##.#..###.# #........
...........##.#..###.# #.....###
...........##.#...##.# #.....#
...........8.........# #######
..........8.8..##.##.# ####


You could see a kobold brigand (weak-willed) and 2 kobolds.

Vanquished Creatures
  The ghost of macfelon the Conjurer, an amateur DECj (D:3)
  4 dart slugs
  2 orcs (D:3)
  7 bats
  3 endoplasms
  6 goblins
  6 hobgoblins
  6 quokkas
  10 ball pythons
  3 frilled lizards (D:2)
  12 kobolds
  5 rats
65 creatures vanquished.

Vanquished Creatures (others)
  3 fungi (D:3)
  A plant (D:3)
4 creatures vanquished.

Grand Total: 69 creatures vanquished

Notes
Turn   | Place    | Note
-------+----------+-------------------------------------------
     0 | D:1      | NotaViper the Ghoul Gladiator began the quest for the Orb.
     0 | D:1      | Reached XP level 1. HP: 17/17 MP: 0/0
   135 | D:1      | Reached XP level 2. HP: 18/25 MP: 1/1
   697 | D:1      | Reached XP level 3. HP: 27/30 MP: 2/2
   909 | D:1      | Found a faded altar of an unknown god.
   913 | D:1      | Prayed at the altar of an unknown god.
   913 | D:1      | Became a worshipper of Fedhas Madash
   913 | D:1      | Reached * piety under Fedhas
  1822 | D:3      | Found a runed translucent gate.
  1823 | D:3      | Found a runed translucent gate.
  1825 | D:3      | Found a runed translucent gate.
  1825 | D:3      | Noticed macfelon's ghost (amateur DECj)
  1827 | D:3      | Noticed a kobold brigand
  1848 | D:3      | Found Koyry's Antique Armour Emporium.
  1860 | D:3      | Reached ** piety under Fedhas
  1940 | D:3      | Reached XP level 4. HP: 38/38 MP: 3/3
  2293 | D:3      | Reached skill level 1 in Armour
  2557 | D:3      | Killed macfelon's ghost
  2557 | D:3      | Slain by a kobold brigand

Illustrated notes

Levels and vault maps discovered:
D:1:      dpeg_arrival_ternary, layout_rooms,
          shapermc_ecumenical_altar_mp_vishouse,
          nicolae_concentric_dashed_squares_mild
D:2:      layout_loops_ring, chequers_serial_rivers_large_a
D:3:      layout_basic, gammafunk_ghost_nasty_kobolds, serial_shops,
          nicolae_diamond_shop

Skill      XL: |  1  2  3  4 |
---------------+-------------+-----
Axes           | 3 |  3.6
Fighting       | 3 |  3.0
Dodging        | 3 |  3.0
Armour         | 1 |  1.1
Throwing       | |  1.7
Stealth        | |  0.2

Action                   |  1- 3 |  4- 6 || total
-------------------------+-------+-------++-------
Melee: War axe           |   123 |    45 ||   168
       Punch             |     1 |     1 ||     2
  Use: Scroll            |     4 |     1 ||     5
Armor: Leather armour    |    32 |       ||    32
       Chain mail        |    19 |    44 ||    63
Dodge: Dodged            |    90 |    26 ||   116
